 Dungeon Crawl Stone Soup version 0.15-a0-1269-g8ca96ae (webtiles) character file.

3920 gluzy the Nimble (level 10, -1/63 HPs)
             Began as a Halfling Assassin on June 5, 2014.
             Was a Follower of Nemelex Xobeh.
             Succumbed to poison (a potion of poison)
             ... on Level 8 of the Dungeon.
             The game lasted 00:36:48 (5510 turns).

gluzy the Nimble (Halfling Assassin)                Turns: 5510, Time: 00:36:49

HP  -1/63        AC 10     Str 10      XL: 10   Next: 43%
MP  10/10        EV 26     Int 11      God: Nemelex Xobeh [*.....]
Gold 378         SH  0     Dex 20      Spells:  0 memorised,  9 levels left

rFire  . . .     SeeInvis .     o - +3,+2 dagger (elec)
rCold  . . .     Clarity  .     C - +0 robe
rNeg   . . .     rCorr    .     (no shield)
rPois  .         rRot     .     E - +1 hat
rElec  +         Spirit   .     k - +1 cloak (curse)
SustAb .         Warding  .     r - +2 pair of gloves
rMut   .         Stasis   .     G - +0 pair of boots
Gourm  .                        (no amulet)
MR     .....                    (no ring)
                                (no ring)

@: lethally poisoned, liquid flames, glowing, not resistant to hostile
enchantments, unstealthy
A: mutation resistance 1, shaggy fur 1, electricity resistance
a: Draw One, Renounce Religion


You were on level 8 of the Dungeon.
You worshipped Nemelex Xobeh.
Nemelex Xobeh was aware of your devotion.
You were very hungry.

You visited 1 branch of the dungeon, and saw 8 of its levels.

You collected 378 gold pieces.

Inventory:

Hand weapons
 a - a +2,+2 dagger
 b - a +0 blowgun
 o - a +3,+2 dagger of electrocution (weapon)
 M - a +0,+2 dagger of protection
Missiles
 e - 8 poisoned needles
 f - 10 curare-tipped needles
Armour
 k - a cursed +1 cloak (worn)
 r - a +2 pair of gloves (worn)
 C - a +0 robe (worn)
 E - a +1 hat (worn)
 G - a +0 pair of boots (worn)
Magical devices
 j - a wand of teleportation (2)
 p - a wand of teleportation (2)
 O - a wand of polymorph (11)
 P - a wand of frost (6) {unknown}
 S - a wand of frost (16) {unknown}
Comestibles
 g - 7 bread rations
 s - 2 meat rations
 z - a slice of pizza
 A - a fruit
 D - 5 chunks of centaur flesh
Scrolls
 h - a scroll of recharging {unknown}
 i - 6 scrolls of identify
 m - a scroll of blinking {unknown}
 n - 3 scrolls of teleportation {unknown}
 v - 2 scrolls of remove curse
 B - a scroll of enchant armour {unknown}
 F - a scroll of random uselessness {unknown}
 H - a scroll of torment {unknown}
 J - a scroll of amnesia {unknown}
 N - a scroll of fear {unknown}
Jewellery
 w - an uncursed ring of sustain abilities
 y - an uncursed ring of sustain abilities
Potions
 c - a potion of poison
 l - a potion of cure mutation {unknown}
 q - 2 potions of brilliance {unknown}
 t - a potion of curing
 u - a potion of restore abilities {unknown}
 x - a potion of might
 I - a potion of invisibility {unknown}
 L - a potion of heal wounds {unknown}
 Q - a potion of resistance {unknown}
 T - a potion of confusion {unknown}
Miscellaneous
 d - a plain deck of war
 K - a plain deck of changes {drawn: 3}


   Skills:
 - Level 4.1 Fighting
 + Level 8.6 Short Blades
 - Level 2.6 Throwing
 - Level 11.4 Dodging
 + Level 8.0 Stealth


You had 9 spell levels left.
You didn't know any spells.

Dungeon Overview and Level Annotations

Branches:
Dungeon (8/15)             Temple (0/1) D:7
   Lair: D:8-11

Altars:
Cheibriados
Dithmenos
Fedhas
Kikubaaqudgha
Nemelex Xobeh
Okawaru
Qazlal
The Shining One

Shops:
D:6 :   D:7 }

Annotations:
D:3 Natasha alive, Natasha
D:8 Grum


Innate Abilities, Weirdness & Mutations

You are small and have problems with some larger weapons.
You are somewhat resistant to further mutation.
You are covered in fur (AC +1).
You are resistant to electric shocks.


Message History

The sticky flame hits you!
You are covered in liquid flames!
* * * LOW HITPOINT WARNING * * *
You are covered in liquid flames!
* * * LOW HITPOINT WARNING * * *
What do you say? t - Shout!
Orders for allies: a - Attack new target. p - Attack previous target. r - Retreat! s - Stop attacking. w - Wait here. f - Follow me.
Anything else - Stay silent.
Okay, then.
Drink which item? (? for menu, Esc to quit)
That liquid tasted very nasty...
You are lethally poisoned!
It was a potion of poison.
You are covered in liquid flames!
* * * LOW HITPOINT WARNING * * *
You die...
Your body disappears without additional glow.

.....#.#..#.# .
....#....#.# #.#
##..#.#.##.# ...
#.......<#)# #.####
.....#.#.##D# #.#..#
######.#.##.# #.#..###
.........##.# #.#...<#
######...##.####.##.###.#
#...##.@...........#
#...#######.##.#####
#...##### #(##.#
#...#...# #.##.#
#######...+...###.##.#
..........#...+......#
.......#.##...###.####
###.###...g......# #.
########...#


You could see Grum the mottled dragon.

Vanquished Creatures
  Pikel (D:4)
  The ghost of zhaba the Sneak, an experienced VSAs of Kikubaaqudgha (D:6)
  4 wolves (D:8)
  The ghost of soonmide the Charlatan, an average SpAr (D:3)
  Menkaure (D:5)
  An orc warrior (D:7)
  2 sky beasts
  3 ice beasts
  A phantom (D:4)
  A black bear (D:7)
  An ogre (D:4)
  Sigmund (D:4)
  A centaur (D:8)
  A giant frog (D:8)
  A gnoll sergeant (D:7)
  3 scorpions (D:6)
  A water moccasin skeleton (D:7)
  4 killer bees (D:7)
  2 crimson imps
  A goliath beetle (D:7)
  4 orc priests
  Crazy Yiuf (D:5)
  2 hounds
  An iguana (D:6)
  A centaur zombie (D:7)
  4 orc wizards
  7 worker ants
  A hound skeleton (D:4)
  7 adders
  11 gnolls
  3 giant mites (D:6)
  An inept feature mimic (D:4)
  An inept item mimic (D:3)
  2 worms
  An adder skeleton (D:4)
  An adder zombie (D:5)
  2 giant geckos
  An ooze (D:4)
  19 orcs
  4 giant cockroaches
  11 hobgoblins
  4 jackals (D:3)
  7 quokkas
  A ball python (D:6)
  10 bats
  7 giant newts
  13 goblins
  A hobgoblin zombie (D:6)
  12 kobolds
  7 rats
  A rat skeleton (D:7)
  A fungus (D:6)
181 creatures vanquished.

Vanquished Creatures (others)
  A slave (D:5)
  An adder (D:5)
  A quokka (D:5)
  A quokka zombie (D:5)
4 creatures vanquished.

Grand Total: 185 creatures vanquished

Notes
Turn   | Place    | Note
--------------------------------------------------------------
     0 | D:1      | gluzy, the Halfling Assassin, began the quest for the Orb.
     0 | D:1      | Reached XP level 1. HP: 14/14 MP: 1/1
     0 | D:1      | Noticed an iron imp
     3 | D:1      | Noticed Shozxola the pandemonium lord
     3 | D:1      | Noticed an iron imp
     4 | D:1      | Noticed a red devil
     6 | D:1      | Noticed a reaper
   260 | D:1      | Reached XP level 2. HP: 19/19 MP: 2/2
   421 | D:1      | Noticed a chaos spawn
   423 | D:1      | Noticed an Executioner
   615 | D:2      | Reached XP level 3. HP: 13/25 MP: 3/3
   841 | D:2      | Found an ancient bone altar of Kikubaaqudgha.
  1145 | D:2      | Reached XP level 4. HP: 28/30 MP: 4/4
  1415 | D:3      | Reached XP level 5. HP: 30/36 MP: 5/5
  1489 | D:3      | Reached skill level 5 in Short Blades
  1533 | D:3      | Noticed soonmide's ghost (average SpAr)
  1548 | D:3      | Killed soonmide's ghost
  1548 | D:3      | Reached skill level 6 in Short Blades
  1548 | D:3      | Reached XP level 6. HP: 29/43 MP: 6/6
  1774 | D:3      | Noticed Natasha
  2061 | D:4      | Noticed Sigmund
  2074 | D:4      | Killed Sigmund
  2149 | D:4      | Reached XP level 7. HP: 35/48 MP: 7/7
  2192 | D:4      | Noticed an ice beast
  2201 | D:4      | Killed an ice beast
  2239 | D:4      | Reached skill level 5 in Dodging
  2389 | D:4      | Found a snail-covered altar of Cheibriados.
  2628 | D:4      | Reached XP level 8. HP: 43/54 MP: 8/8
  2742 | D:5      | Entered Level 5 of the Dungeon
  2762 | D:5      | Found a glowing golden altar of the Shining One.
  2784 | D:5      | Noticed Pikel
  2853 | D:4      | Killed Pikel
  2853 | D:4      | Reached skill level 8 in Dodging
  2999 | D:5      | Found a sparkling altar of Nemelex Xobeh.
  3004 | D:5      | Became a worshipper of Nemelex Xobeh the Trickster
  3033 | D:5      | Reached skill level 9 in Dodging
  3230 | D:5      | Found an iron altar of Okawaru.
  3349 | D:5      | Noticed Menkaure
  3524 | D:5      | Noticed Crazy Yiuf
  3783 | D:5      | Killed Crazy Yiuf
  3783 | D:5      | Reached XP level 9. HP: 58/58 MP: 9/9
  3823 | D:5      | Killed Menkaure
  3923 | D:6      | Received a gift from Nemelex Xobeh
  3939 | D:6      | Found a blossoming altar of Fedhas.
  3949 | D:6      | Noticed zhaba's ghost (experienced VSAs)
  4153 | D:6      | Reached skill level 10 in Dodging
  4243 | D:6      | Found Thrufuhyx's Book Emporium.
  4438 | D:6      | Gained mutation: You are covered in fur (AC +1). [mutagenic meat]
  4439 | D:6      | Gained mutation: You are resistant to electric shocks. [mutagenic meat]
  4537 | D:6      | Killed zhaba's ghost
  4537 | D:6      | Reached skill level 11 in Dodging
  4764 | D:7      | Found a staircase to the Ecumenical Temple.
  4795 | D:7      | Reached skill level 5 in Stealth
  4838 | D:7      | Acquired Nemelex Xobeh's first power
  4897 | D:7      | Found Loniet's Gadget Boutique.
  4952 | D:7      | Reached XP level 10. HP: 63/63 MP: 10/10
  5383 | D:8      | Found a stormy altar of Qazlal.
  5405 | D:8      | Noticed Grum
  5455 | D:8      | Found a shadowy altar of Dithmenos.
  5507 | D:8      | Noticed Grum
  5507 | D:8      | Grum changed into Grum the mottled dragon
  5509 | D:8      | HP: 2/63 [burnt (6)]
  5510 | D:8      | Succumbed to poison (a potion of poison)

Action                   |  1- 3 |  4- 6 |  7- 9 | 10-12 || total
-------------------------+-------+-------+-------+-------++-------
Melee: Dagger            |    70 |   132 |   396 |   101 ||   699
 Fire: Blowgun           |       |       |     3 |       ||     3
Invok: Draw One          |       |       |       |     1 ||     1
Evoke: Wand              |       |     1 |     1 |     1 ||     3
       Deck              |       |       |     2 |       ||     2
  Use: Scroll            |       |     1 |     4 |       ||     5
       Potion            |       |       |     1 |     3 ||     4
 Stab: Sleeping          |     8 |     3 |    12 |     6 ||    29
       Distracted        |       |     1 |       |       ||     1
